 Dungeon Crawl Stone Soup version 0.27-a0-1232-gc6a4cbde82 (webtiles) character file.

Game seed: 15671343278204868450

16498 deletemesenpai the Cleaver (level 12, -5/95 HPs)
             Began as a Hill Orc Fighter on June 8, 2021.
             Was a High Priest of Hepliaklqana.
             Killed from afar by an ice dragon (16 damage)
             ... with a blast of cold
             ... on level 11 of the Dungeon.
             The game lasted 01:04:16 (13171 turns).

deletemesenpai the Cleaver (Hill Orc Fighter)      Turns: 13171, Time: 01:04:17

Health: -5/95      AC: 26    Str: 22    XL:     12   Next: 38%
Magic:  0/13       EV:  6    Int: 10    God:    Hepliaklqana [*****.]
Gold:   557        SH:  0    Dex: 16    Spells: 11/11 levels left

rFire    . . .     SeeInvis .   t - +0 war axe (freeze)
rCold    . . .     Faith    .   c - +0 kite shield
rNeg     . . .     Spirit   +   N - +0 plate armour
rPois    .         Reflect  .   A - +2 hat
rElec    .         Harm     .   K - +1 cloak {Stlth+}
rCorr    .         Rampage  +   (no gloves)
Will     .....                  a - +2 pair of boots {rampage}
Stlth    ..........             z - amulet of guardian spirit
HPRegen  0.25/turn              D - +6 ring of dexterity
MPRegen  0.13/turn              H - +4 ring of protection

@: confused, ambrosia-drunk
A: reduced essence
a: Renounce Religion, Recall Ancestor, Ancestor Identity, Transference, Idealise


You were on level 11 of the Dungeon.
You worshipped Hepliaklqana.
Hepliaklqana was extremely pleased with you.
You visited 1 branch of the dungeon, and saw 11 of its levels.

You collected 673 gold pieces.
You spent 116 gold pieces at shops.

Inventory:

Hand Weapons
 r - a +1 flail of protection
 t - a +0 war axe of freezing (weapon)
 x - a +2 hand axe
 M - a +1 hand axe of venom
 S - a +1 battleaxe of electrocution
 U - a +4 halberd of freezing
 W - a +0 war axe of electrocution
Missiles
 C - 84 poisoned darts (quivered)
 E - 16 boomerangs
 F - 92 bolts
 I - 3 curare-tipped darts
 L - a throwing net
Armour
 a - a +2 pair of boots of rampaging (worn)
 c - a +0 kite shield (worn)
 A - a +2 hat (worn)
 K - a +1 cloak of stealth (worn)
 N - a +0 plate armour (worn)
Jewellery
 z - an amulet of guardian spirit (around neck)
 D - a +6 ring of dexterity (left hand)
 G - a ring of wizardry
 H - a +4 ring of protection (right hand)
Wands
 b - a wand of flame (11)
 g - a wand of polymorph (4)
 y - a wand of acid (12)
 B - a wand of digging (7)
 J - a wand of paralysis (12)
 O - a wand of iceblast (13)
 Y - a wand of mindburst (15)
Scrolls
 e - 2 scrolls of enchant weapon {unknown}
 f - 3 scrolls of blinking {unknown}
 j - 2 scrolls of fear
 k - 3 scrolls of magic mapping {unknown}
 m - 9 scrolls of teleportation {unknown}
 o - 11 scrolls of identify {unknown}
 v - 4 scrolls of noise {unknown}
 P - a scroll of silence {unknown}
 R - 2 scrolls of fog {unknown}
Potions
 d - 2 potions of might
 h - 2 potions of attraction {unknown}
 i - 2 potions of flight {unknown}
 l - a potion of lignification {unknown}
 n - 3 potions of brilliance {unknown}
 p - a potion of berserk rage {unknown}
 q - 2 potions of curing {unknown}
 s - a potion of degeneration {unknown}
 u - 3 potions of heal wounds {unknown}
 w - a potion of ambrosia
 T - a potion of magic {unknown}
 V - a potion of haste {unknown}
 Z - a potion of mutation {unknown}


   Skills:
 + Level 10.1 Fighting
 + Level 14.3 Axes
 - Level 1.0 Throwing
 + Level 10.1 Armour
 - Level 0.1 Dodging
 - Level 0.1 Stealth
 * Level 12.4 Shields
 + Level 2.2 Invocations


You had 11 spell levels left.
You didn't know any spells.
Your spell library contained the following spells:

 Spells                   Type           Power      Damage    Failure   Level
 Animate Skeleton         Necr           0%         N/A       100%        1
 Apportation              Tloc           0%         N/A       100%        1
 Corona                   Hex            0%         N/A       100%        1
 Foxfire                  Conj/Fire      0%         2x1d4     100%        1
 Magic Dart               Conj           0%         1d3       100%        1
 Pain                     Necr           0%         1d4       100%        1
 Sandblast                Erth           0%         2d4       100%        1
 Shock                    Conj/Air       0%         1d3       100%        1
 Summon Small Mammal      Summ           0%         N/A       100%        1
 Blink                    Tloc           N/A        N/A       100%        2
 Call Imp                 Summ           0%         N/A       100%        2
 Passwall                 Tmut/Erth      0%         N/A       100%        2
 Slow                     Hex            0%         N/A       100%        2
 Static Discharge         Conj/Air       0%         N/A       100%        2
 Conjure Flame            Conj/Fire      0%         6-21      100%        3
 Gell's Gravitas          Tloc           0%         N/A       100%        3
 Inner Flame              Hex/Fire       0%         N/A       100%        3
 Lesser Beckoning         Tloc           0%         N/A       100%        3
 Mephitic Cloud           Conj/Pois/Air  0%         N/A       100%        3
 Stone Arrow              Conj/Erth      0%         3d7       100%        3
 Swiftness                Air            0%         N/A       100%        3
 Teleport Other           Tloc           0%         N/A       100%        3
 Vampiric Draining        Necr           0%         2d6       100%        3
 Airstrike                Air            0%         N/A       100%        4
 Animate Dead             Necr           0%         N/A       100%        4
 Cause Fear               Hex            0%         N/A       100%        4
 Petrify                  Tmut/Erth      0%         N/A       100%        4
 Sticky Flame             Conj/Fire      0%         2d3       100%        4
 Agony                    Necr           0%         N/A       100%        5
 Bolt of Magma            Conj/Fire/Erth 0%         4d4       100%        5
 Fireball                 Conj/Fire      0%         3d3       100%        5
 Iskenderun's Battlesphe  Conj           0%         2d6       100%        5
 Lee's Rapid Deconstruct  Erth           0%         3d5*      100%        5
 Lightning Bolt           Conj/Air       0%         1d11      100%        5
 Manifold Assault         Tloc           0%         N/A       100%        5
 Silence                  Hex/Air        0%         N/A       100%        5
 Yara's Violent Unravell  Hex/Tmut       0%         3d3       100%        5
 Iron Shot                Conj/Erth      0%         9d1       100%        6
 Orb of Destruction       Conj           0%         N/A       100%        7
 Spellforged Servitor     Conj/Summ      0%         N/A       100%        7
 Discord                  Hex            0%         N/A       100%        8


Dungeon Overview and Level Annotations

Branches:
Dungeon (11/15)            Temple (0/1) D:7            Lair (0/6) D:11
    Orc (0/2) D:10

Altars:
Ashenzari
Dithmenos
Elyvilon
Hepliaklqana
Kikubaaqudgha
Nemelex Xobeh
Sif Muna
Vehumet
Xom
Yredelemnul
Zin
The Shining One

Shops:
D:2 (   D:5 *

Annotations:
D:2 1 runed translucent door, Crazy Yiuf


Message History

The ice dragon barely misses you. You block the ice dragon's attack. x2
The manticore bites you! The manticore barely misses you.
The manticore claws you but does no damage.
You barely miss the ice dragon.
The ice dragon is moderately wounded.
You barely miss the manticore.
The manticore changes into a floating eye!
Chungus Supreme gestures at the ice dragon while chanting.
The puff of frost hits the ice dragon.
The ice dragon resists.
You block the ice dragon's attack. x2; The ice dragon closely misses you.
You hit the ice dragon but do no damage.
The ice dragon is moderately wounded.
You hit the floating eye. You freeze the floating eye.
Chungus Supreme casts a spell at the ice dragon.
The stone arrow hits the ice dragon!
The ice dragon breathes frost at you. The blast of cold hits you!!!
The floating eye's stare focuses on you.
Chungus Supreme casts a spell at the ice dragon.
The puff of frost hits the ice dragon.
The ice dragon resists.
The ice dragon bites Chungus Supreme!
The ice dragon claws Chungus Supreme.
The ice dragon tramples Chungus Supreme!
Chungus Supreme holds their ground!
There is an open door here.
You slash the floating eye! You freeze the floating eye.
You kill the floating eye!
Chungus Supreme hits the ice dragon with a +0 quarterstaff!
The ice dragon breathes frost at you. The blast of cold hits you!!
* * * LOW HITPOINT WARNING * * *
The ice dragon breathes frost at you. The blast of cold hits you!
* * * LOW HITPOINT WARNING * * *
Okay, then.
You see here a shapeshifter corpse.
You are confused.
You feel invigorated. The ice dragon breathes frost at you.
The blast of cold hits you!!
You die...

### ##.##
##...#########
#####............#
.........##.#######
.###....###.'@..#=[
#.....#
###.†.#}:###
##...## #)..#$...#
##.## #...#.D..#
#.# #..D####'# #.#
#...R..DR# ##'##
#........# ##...##
#........#
##.....##
##########


You could see the friendly Chungus Supreme the battlemage and an ice dragon
(catching breath, ally target).

Vanquished Creatures
  The ghost of brennanasaurus the Thaumaturge, a novice DjFE (D:7)
  A cyclops (D:11)
  A gargoyle (D:11)
  An efreet (D:11)
  A tengu conjurer (D:10)
  3 trolls
  A slime creature (D:10)
  A hornet (D:11)
  A blink frog (shapeshifter) (D:11)
  A centaur simulacrum (D:9)
  A shadow (D:9)
  2 wraiths
  2 yaks
  A steam dragon (D:10)
  A warg (D:10)
  A water moccasin (D:9)
  Duvessa (D:6)
  An acid dragon (D:9)
  3 orc warriors
  A floating eye (shapeshifter) (D:11)
  An ice beast (D:8)
  A black bear (D:8)
  An ogre (D:4)
  2 centaurs
  4 kobold brigands
  2 scorpions
  6 howler monkeys
  A vampire bat (D:9)
  6 wights
  3 centaur zombies
  A hound (D:4)
  5 orc priests
  Jessica (D:2)
  4 orc wizards
  A killer bee zombie (D:7)
  2 adders
  3 gnolls (D:9)
  2 shadow imps
  2 white imps
  3 ufetubi
  21 orcs
  3 ball pythons
  2 bat skeletons (D:9)
  3 bat zombies (D:9)
  2 endoplasms
  2 giant cockroaches
  6 goblins
  6 hobgoblins
  4 jackals
  13 kobolds
  A quokka (D:1)
  3 bats
  A jackal skeleton (D:4)
  2 rats
  A spectral orc (D:6)
147 creatures vanquished.

Vanquished Creatures (collateral kills)
  Harold (D:7)
  A centaur warrior (D:8)
  4 two-headed ogres
  Pikel (D:5)
  A harpy (shapeshifter) (D:11)
  2 manticores (D:11)
  2 centaur zombies
  A gargoyle (D:10)
  A troll (D:9)
  A shadow (D:7)
  A wraith (D:6)
  4 yaks (D:11)
  A water moccasin (D:7)
  3 orc warriors
  2 necrophages
  A black bear (D:6)
  An ogre (D:10)
  2 centaurs (D:10)
  2 lemures (D:5)
  4 kobold brigands
  A bullfrog (D:7)
  A gnoll sergeant (D:9)
  Dowan (D:6)
  4 scorpions
  A vampire bat (D:9)
  3 wights
  3 orc priests
  6 orc wizards
  2 iguanas
  A killer bee zombie (D:7)
  A howler monkey skeleton (D:7)
  4 adders
  3 worms
  2 dart slugs
  19 orcs
  A ball python (D:2)
  An endoplasm (D:2)
  A giant cockroach (D:3)
  A goblin (D:3)
  5 hobgoblins
  2 jackals
  3 bats
  13 kobolds
  A rat (D:1)
116 creatures vanquished.

Vanquished Creatures (others)
  3 battlemagi
  3 fungi
  5 toadstools (D:8)
11 creatures vanquished.

Grand Total: 274 creatures vanquished

Notes
Turn   | Place    | Note
-------+----------+-------------------------------------------
     0 | D:1      | deletemesenpai the Hill Orc Fighter began the quest for the
                  | Orb.
     0 | D:1      | Reached XP level 1. HP: 19/19 MP: 1/1
    51 | D:1      | Found a faded altar of an unknown god.
    61 | D:1      | Became a worshipper of Hepliaklqana the Forgotten
    61 | D:1      | Reached * piety under Hepliaklqana
   451 | D:1      | Reached XP level 2. HP: 24/24 MP: 2/2
   940 | D:2      | Found Avataosm's Weapon Emporium.
   947 | D:2      | Noticed Jessica
   952 | D:2      | Reached skill level 3 in Axes
   962 | D:2      | Killed Jessica
   963 | D:2      | Reached XP level 3. HP: 16/29 MP: 3/3
  1245 | D:2      | Found a runed translucent door.
  1246 | D:2      | Noticed Crazy Yiuf
  1300 | D:2      | Reached XP level 4. HP: 26/36 MP: 4/4
  1330 | D:2      | Reached ** piety under Hepliaklqana
  1331 | D:2      | Remembered your ancestor Chungus Supreme as a battlemage
  2034 | D:3      | Reached skill level 4 in Axes
  2479 | D:3      | Reached XP level 5. HP: 41/41 MP: 5/5
  2535 | D:4      | Found a broken altar of Ashenzari.
  2954 | D:2      | Bought a +0 war axe of freezing for 116 gold pieces
  3331 | D:4      | Reached *** piety under Hepliaklqana
  3527 | D:4      | Reached XP level 6. HP: 47/47 MP: 6/6
  3597 | D:4      | Reached skill level 5 in Axes
  4184 | D:5      | Entered Level 5 of the Dungeon
  4317 | D:5      | Found a radiant altar of Vehumet.
  4356 | D:5      | Reached skill level 5 in Armour
  4356 | D:5      | Reached skill level 5 in Shields
  4380 | D:5      | Reached XP level 7. HP: 27/54 MP: 7/7
  4813 | D:5      | Noticed Pikel
  4833 | D:5      | Reached skill level 5 in Fighting
  4833 | D:5      | Reached skill level 6 in Axes
  4848 | D:5      | Killed Pikel
  4849 | D:5      | Reached skill level 7 in Axes
  4849 | D:5      | Reached XP level 8. HP: 11/63 MP: 8/8
  5392 | D:5      | Found Zin's Purification Station.
  5396 | D:5      | Found a glowing silver altar of Zin.
  5567 | D:6      | Reached **** piety under Hepliaklqana
  5620 | D:6      | Noticed a wraith
  5625 | D:6      | Killed a wraith
  5674 | D:6      | Reached skill level 8 in Axes
  5878 | D:6      | Reached XP level 9. HP: 64/70 MP: 9/9
  6130 | D:6      | Noticed Duvessa
  6130 | D:6      | Noticed Dowan
  6143 | D:6      | Killed Duvessa
  6144 | D:6      | Killed Dowan
  6430 | D:6      | Found a basalt altar of Yredelemnul.
  6472 | D:7      | Found a runed translucent gate.
  6475 | D:7      | Found a runed translucent gate.
  6475 | D:7      | Noticed brennanasaurus's ghost (novice DjFE)
  6476 | D:7      | Found a runed translucent gate.
  6479 | D:7      | Noticed a troll
  6483 | D:7      | Found a shimmering altar of Xom.
  6485 | D:7      | Found a shimmering altar of Xom.
  6485 | D:7      | Found a shimmering altar of Xom.
  6699 | D:7      | Noticed Harold
  6711 | D:7      | Killed Harold
  6712 | D:7      | Reached skill level 9 in Axes
  6712 | D:7      | Reached skill level 1 in Invocations
  7013 | D:7      | Reached skill level 10 in Axes
  7047 | D:7      | Reached XP level 10. HP: 30/79 MP: 8/11
  7402 | D:7      | Found a staircase to the Ecumenical Temple.
  7828 | D:7      | Killed brennanasaurus's ghost
  7829 | D:7      | Reached skill level 1 in Throwing
  8193 | D:8      | Reached skill level 11 in Axes
  8296 | D:8      | Noticed a centaur warrior
  8297 | D:8      | Noticed a two-headed ogre
  8308 | D:8      | Killed a two-headed ogre
  8311 | D:8      | Killed a centaur warrior
  8841 | D:8      | Found a white marble altar of Elyvilon.
  8949 | D:8      | Found a sparkling altar of Nemelex Xobeh.
  9449 | D:9      | Reached skill level 12 in Axes
  9449 | D:9      | Reached skill level 10 in Shields
  9503 | D:9      | Reached XP level 11. HP: 40/85 MP: 9/12
  9881 | D:9      | Found a shadowy altar of Dithmenos.
  9984 | D:9      | Found a shimmering blue altar of Sif Muna.
  9990 | D:9      | Found a glowing golden altar of the Shining One.
  9990 | D:9      | Noticed a two-headed ogre
  9998 | D:9      | Killed a two-headed ogre
 10405 | D:9      | Found an ancient bone altar of Kikubaaqudgha.
 10573 | D:10     | Entered Level 10 of the Dungeon
 10669 | D:10     | Reached ***** piety under Hepliaklqana
 10838 | D:10     | Noticed a two-headed ogre
 10872 | D:10     | Identified a scroll of acquirement
 10872 | D:10     | Acquired a +2 pair of boots of rampaging
 10883 | D:9      | HP: 1/87 [poisoned by a kobold brigand]
 11258 | D:10     | Reached skill level 13 in Axes
 11263 | D:10     | Killed a two-headed ogre
 11663 | D:10     | Found a staircase to the Orcish Mines.
 12246 | D:11     | Noticed a cyclops
 12253 | D:11     | Killed a cyclops
 12377 | D:11     | Reached XP level 12. HP: 92/94 MP: 11/13
 12740 | D:11     | Reached skill level 14 in Axes
 12783 | D:11     | Found a staircase to the Lair.
 12793 | D:11     | Noticed a two-headed ogre
 12798 | D:11     | Killed a two-headed ogre
 12799 | D:11     | Reached skill level 10 in Armour
 12924 | D:11     | Reached skill level 10 in Fighting
 13152 | D:11     | Noticed an ice dragon
 13166 | D:11     | HP: 2/95 [ice dragon/blast of cold (12)]
 13171 | D:11     | Killed from afar by an ice dragon

Illustrated notes

Levels and vault maps discovered:
D:1:      amcnicky_arrival_wind_blow, layout_basic,
          hellmonk_ecumenical_altar_heavens_door, chequers_serial_rivers_room_a,
          grunt_decor_resistance, minmay_door_square, roderic_roman_lattice
D:2:      layout_basic, serial_shops, nicolae_shop_statue_plus,
          kennysheep_generic_room_11, uniq_jessica, uniq_crazy_yiuf_cottage
D:3:      layout_basic
D:4:      layout_basic, overflow_temple_1_default, minmay_distorted
D:5:      layout_gridville, general_overflow_altar, zin_purify, uniq_pikel
D:6:      layout_loops_ring, yredelemnul_forgotten_temple_becter, uniq_duvessa
D:7:      layout_loops_corners, xom_redecorated, minmay_temple_entry_grid,
          gammafunk_ghost_split, grunt_ministairs_2, uniq_harold
D:8:      layout_cave_pods, nemelex_spade_bored_becter, lemuel_doored_altar,
          minmay_gold_behind_fungi
D:9:      layout_loops_ring, kennysheep_vampire_church, grunt_dithmenos_shadows,
          chequers_temple_overflow_statue_of_worship
D:10:     cheibrodos_barr_body, layout_small_grid, erik_orc_3,
          kennysheep_generic_room_5
D:11:     minmay_shrinking_squares, layout_loops_corners, lair_entry_dummy,
          nicolae_looking_at_the_future, uniq_erica

Skill      XL: |  1  2  3  4  5  6  7  8  9 10 11 12 |
---------------+-------------------------------------+-----
Fighting       | 4 5 6 7 8 9 10 | 10.1
Axes           | 3 4 5 7 8 10 12 13 14 | 14.3
Armour         | 4 5 6 7 8 9 10 | 10.1
Shields        | 4 5 6 7 8 10 11 12 | 12.4
Invocations    | 1 2 |  2.2
Throwing       | 1 |  1.0
Dodging        | |  0.1
Stealth        | |  0.1

Action                   |  1- 3 |  4- 6 |  7- 9 | 10-12 || total
-------------------------+-------+-------+-------+-------++-------
Melee: War axe           |    52 |    80 |    83 |   285 ||   500
       Hand axe          |       |       |    19 |       ||    19
Throw: Stone             |       |       |     1 |       ||     1
       Dart              |       |       |     4 |       ||     4
Invok: Ancestor Life: Ba |       |     1 |       |       ||     1
       Ancestor Identity |       |     1 |       |       ||     1
       Idealise          |       |       |     1 |       ||     1
       Recall Ancestor   |       |       |       |     1 ||     1
  Use: Scroll            |       |       |       |     4 ||     4
       Potion            |       |       |       |     2 ||     2
 Stab: Distracted        |       |       |       |     7 ||     7
Armor: Scale mail        |    27 |    44 |    54 |       ||   125
       Plate armour      |       |       |       |   205 ||   205
Dodge: Dodged            |    19 |    31 |    37 |    74 ||   161
Block: Kite shield       |    36 |    51 |    44 |   225 ||   356

Table legend: (Time is in decaauts)
 A = Elapsed time spent in this place.
 B = Non-inter-level travel time spent in this place.
 C = Inter-level travel time spent in this place.
 D = Time resting spent in this place.
 E = Time spent auto-exploring this place.
 F = Levels seen in this place.
 G = Mean time per level.
                   A        B        C        D        E       F      G
               +--------+--------+--------+--------+--------+-----+--------+
         Total |  13272 |  13207 |     65 |   3235 |   5876 |  11 | 1206.5 |
       Dungeon |  13272 |  13207 |     65 |   3235 |   5876 |  11 | 1206.5 |
               +--------+--------+--------+--------+--------+-----+--------+

Top non-repeatable levels by time:
     D:9: 1692 daAuts
     D:4: 1603 daAuts
     D:7: 1477 daAuts
     D:5: 1333 daAuts
     D:8: 1309 daAuts
    D:10: 1160 daAuts
    D:11: 1067 daAuts
     D:6: 978 daAuts
     D:1: 942 daAuts
     D:3: 858 daAuts
     D:2: 848 daAuts
